 Dungeon Crawl Stone Soup version 0.23.2-1-ga50397a6bc (webtiles) character file.

Game seed: 8303366060768353037

5974 Cykl0x the Cleaver (level 11, -20/83 HPs)
             Began as a Formicid Fighter on May 19, 2019.
             Was a Believer of Makhleb.
             Demolished by a death knight
             ... wielding a +5 lajatang of pain
              (22 damage)
             ... on level 10 of the Dungeon.
             The game lasted 00:24:27 (9114 turns).

Cykl0x the Cleaver (Formicid Fighter)               Turns: 9114, Time: 00:24:27

Health: -20/83     AC: 13    Str: 23    XL:     11   Next: 10%
Magic:  0/11       EV:  7    Int:  9    God:    Makhleb [**....]
Gold:   417        SH: 13    Dex: 10    Spells: 10/10 levels left

rFire    . . .     SeeInvis +   d - +3 battleaxe
rCold    . . .     Gourm    .   c - +2 shield
rNeg     . . .     Faith    .   l - +0 plate armour
rPois    .         Spirit   +   (helmet unavailable)
rElec    .         Reflect  .   (no cloak)
rCorr    .         Harm     .   (no gloves)
MR       +....                  (no boots)
Stlth    ..........             n - amulet of guardian spirit
HPRegen  0.23/turn              t - ring of teleportation (curse)
MPRegen  0.12/turn              (no ring)

@: no status effects
A: permanent stasis, dig shafts and tunnels, four strong arms, antennae 3
a: Dig, Shaft Self, Minor Destruction, Renounce Religion


You were on level 10 of the Dungeon.
You worshipped Makhleb.
Makhleb was pleased with you.
You were hungry.

You visited 2 branches of the dungeon, and saw 11 of its levels.
You also visited: Sewer.

You collected 603 gold pieces.
You spent 186 gold pieces at shops.

Inventory:

Hand Weapons
 d - a +3 battleaxe (weapon)
 r - a +1 glaive of venom
Missiles
 e - 150 stones
 w - 5 tomahawks (quivered)
Armour
 c - a +2 shield (worn)
 l - a +0 plate armour (worn)
Jewellery
 n - an amulet of guardian spirit (around neck)
 t - a cursed ring of teleportation (left hand)
Wands
 m - a wand of random effects (36)
Scrolls
 b - a scroll of fog
 g - a scroll of fear
 o - 9 scrolls of remove curse
 q - 4 scrolls of identify
 s - 3 scrolls of immolation
 x - a scroll of magic mapping
Potions
 a - 2 potions of curing
 h - 3 potions of flight
 i - 5 potions of brilliance
 j - 4 potions of lignification
 k - 2 potions of ambrosia
 p - a potion of might
Comestibles
 f - 11 rations
 u - 4 chunks of flesh


   Skills:
 + Level 6.7 Fighting
 + Level 11.1 Axes
 + Level 0.3(7.0) Polearms
 + Level 2.9 Throwing
 + Level 7.9 Armour
 + Level 1.2 Dodging
 + Level 0.1 Stealth
 + Level 9.1 Shields
 + Level 0.3 Evocations


You had 10 spell levels left.
You didn't know any spells.
Your spell library contained the following spells:

 Spells                   Type           Power        Failure   Level  Hunger
 Animate Skeleton         Necr           N/A          99%         1    ##.....
 Flame Tongue             Conj/Fire      #....        99%         1    ##.....
 Pain                     Necr           #...         99%         1    ##.....
 Throw Flame              Conj/Fire      #.....       100%        2    ###....
 Conjure Flame            Conj/Fire      #.......     100%        3    ####...
 Inner Flame              Hex/Fire       #.......     100%        3    ####...
 Regeneration             Chrm/Necr      #.........   100%        3    ####...
 Vampiric Draining        Necr           #.........   100%        3    ####...
 Animate Dead             Necr           N/A          100%        4    #####..
 Sticky Flame             Conj/Fire      #.......     100%        4    #####..
 Fireball                 Conj/Fire      #.........   100%        5    ######.


Dungeon Overview and Level Annotations

Branches:
Dungeon (10/15)            Temple (1/1) D:7            Lair (0/6) D:9
    Orc: D:9-12

Altars:
Ashenzari
Cheibriados
Dithmenos
Elyvilon
Fedhas
Gozag
Hepliaklqana
Kikubaaqudgha
Makhleb
Nemelex Xobeh
Okawaru
Qazlal
Ru
Sif Muna
Trog
Uskayaw
Vehumet
Wu Jian
Xom
Yredelemnul
Zin
The Shining One

Shops:
D:4 ?


Innate Abilities, Weirdness & Mutations

You cannot be hasted, slowed, berserked, paralysed or teleported.
You can dig through walls and to a lower floor.
Your four strong arms can wield two-handed weapons with a shield.
You have a pair of large antennae on your head. (SInv)


Message History

You block the death knight's attack.
The gargoyle hits you but does no damage.
You slash the death knight!
The death knight is lightly wounded.
You barely miss the gargoyle. You block the death knight's attack.
You slash the death knight!
The death knight is moderately wounded.
You hit the gargoyle but do no damage.
You are feeling hungry.
You block the gargoyle's attack.
The death knight hits you with a +5 lajatang of pain!!
* * * LOW HITPOINT WARNING * * *
You writhe in agony.
* * * LOW HITPOINT WARNING * * *
You hear a shout!
You slash the gargoyle!
The gargoyle is moderately damaged.
You hit the death knight. You block the gargoyle's attack.
The death knight hits you with a +5 lajatang of pain!!
You die...

#......#..#.........#
#....###..#####.#####
#....# #..# #.# ##
#..... #..# #.##.
#####.....# ....
##..{###.#...###
.....##⌠##..
##9..#.## { { #p@...#
{ #.##.##.# ### # #
#.# ... # #####.###
#####.## # {
#.......###.......###
{
#..###...##.#.....).#
#.##.##..##.###...÷.#
#.#.#|#...#.#.#.###÷#
..#.###.....#.# #.##.


You could see a death knight and a gargoyle.

Vanquished Creatures
  Pikel (D:5)
  Joseph (D:9)
  Grinder (D:6)
  A hornet (D:7)
  2 hippogriffs (D:9)
  2 wyverns
  5 yaks
  Eustachio (D:4)
  Menkaure (D:5)
  A soldier ant (D:8)
  A water moccasin (D:5)
  3 sky beasts
  Purgy (Sewer)
  3 orc warriors
  A black bear (D:8)
  An ice beast (D:6)
  6 ogres
  A centaur (D:10)
  3 bullfrogs
  A gnoll sergeant (D:9)
  2 scorpions (D:5)
  6 killer bees (D:9)
  2 howler monkeys
  A crimson imp (D:7)
  A hound (D:8)
  4 jellies
  4 orc wizards
  A centaur skeleton (D:9)
  Jessica (D:3)
  A bullfrog skeleton (D:4)
  Ijyb (D:2)
  Natasha (thrice) (D:2)
  4 worker ants
  A hound skeleton (D:8)
  Robin (D:3)
  12 gnolls
  9 adders
  2 oozes
  An adder zombie (D:5)
  An adder skeleton (D:4)
  4 worms
  2 leopard geckos
  29 orcs
  6 giant cockroaches
  16 goblins
  10 hobgoblins
  10 jackals
  8 kobolds
  3 quokkas
  A ball python (D:5)
  11 bats
  A frilled lizard (D:3)
  A rat (D:3)
197 creatures vanquished.

Vanquished Creatures (others)
  A bullfrog skeleton (D:5)
1 creature vanquished.

Grand Total: 198 creatures vanquished

Notes
Turn   | Place    | Note
-------+----------+-------------------------------------------
     0 | D:1      | Cykl0x the Formicid Fighter began the quest for the Orb.
     0 | D:1      | Reached XP level 1. HP: 18/18 MP: 1/1
   252 | D:1      | Reached XP level 2. HP: 21/24 MP: 2/2
   804 | D:2      | Reached XP level 3. HP: 29/30 MP: 3/3
   956 | D:2      | Noticed Ijyb
   976 | D:2      | Killed Ijyb
   976 | D:2      | Reached XP level 4. HP: 14/37 MP: 4/4
  1353 | D:2      | Noticed Natasha
  1360 | D:2      | Killed Natasha
  1360 | D:2      | Reached skill level 3 in Axes
  1360 | D:2      | Reached skill level 1 in Throwing
  1413 | D:2      | Reached XP level 5. HP: 35/42 MP: 5/5
  1582 | D:2      | Noticed Natasha
  1586 | D:2      | Killed Natasha
  1774 | D:2      | Noticed Natasha
  1782 | D:2      | Killed Natasha
  1868 | D:3      | Reached XP level 6. HP: 22/49 MP: 2/6
  2329 | D:3      | Noticed Jessica
  2332 | D:3      | Killed Jessica
  2366 | D:3      | Noticed Robin
  2375 | D:3      | Reached skill level 4 in Axes
  2393 | D:3      | Killed Robin
  2657 | D:4      | Reached skill level 5 in Shields
  2816 | D:4      | Noticed Eustachio
  2850 | D:4      | Found Ixeosi's Magic Scroll Shoppe.
  2868 | D:4      | Killed Eustachio
  2868 | D:4      | Reached XP level 7. HP: 39/55 MP: 4/7
  2873 | D:4      | Bought a scroll of enchant weapon for 82 gold pieces
  2873 | D:4      | Bought a scroll of identify for 22 gold pieces
  2873 | D:4      | Bought a scroll of enchant weapon for 82 gold pieces
  3011 | D:4      | Found a blossoming altar of Fedhas.
  3178 | D:5      | Entered Level 5 of the Dungeon
  3202 | D:5      | Reached skill level 5 in Axes
  3222 | D:5      | Noticed Pikel
  3239 | D:5      | Killed Pikel
  3239 | D:5      | Reached skill level 5 in Fighting
  3239 | D:5      | Reached skill level 6 in Axes
  3239 | D:5      | Reached skill level 5 in Armour
  3239 | D:5      | Reached skill level 1 in Dodging
  3239 | D:5      | Reached XP level 8. HP: 46/63 MP: 8/8
  3947 | D:5      | Reached skill level 7 in Axes
  3969 | D:5      | Reached XP level 9. HP: 65/68 MP: 9/9
  4142 | D:5      | Noticed Menkaure
  4164 | D:5      | Killed Menkaure
  4265 | D:5      | Found a shadowy altar of Dithmenos.
  4492 | D:6      | Found a glowing drain.
  4503 | Sewer    | Entered a sewer
  4542 | Sewer    | Noticed Purgy
  4551 | Sewer    | Killed Purgy
  4912 | D:6      | Reached skill level 8 in Axes
  4928 | D:6      | Noticed Grinder
  4953 | D:6      | Killed Grinder
  5950 | D:7      | Found a staircase to the Ecumenical Temple.
  5955 | Temple   | Entered the Ecumenical Temple
  6065 | Temple   | Became a worshipper of Makhleb the Destroyer
  6131 | D:7      | Noticed a hornet
  6135 | D:7      | Killed a hornet
  6153 | D:7      | Reached skill level 9 in Axes
  6193 | D:7      | Reached XP level 10. HP: 64/76 MP: 10/10
  7368 | D:9      | Reached * piety under Makhleb
  7421 | D:9      | Reached skill level 10 in Axes
  7929 | D:9      | Found a staircase to the Lair.
  8211 | D:9      | Noticed Joseph
  8225 | D:9      | Killed Joseph
  8639 | D:10     | Entered Level 10 of the Dungeon
  8658 | D:10     | Noticed a five-headed hydra
  8663 | D:10     | Noticed an unseen horror
  8663 | D:10     | Noticed a death knight
  8747 | D:10     | Reached skill level 11 in Axes
  8747 | D:10     | Reached XP level 11. HP: 20/83 MP: 5/11
  8995 | D:10     | Reached ** piety under Makhleb
  9113 | D:10     | HP: 2/83 [death knight/+5 lajatang of pain (5)]
  9114 | D:10     | Demolished by a death knight

Skill      XL: |  1  2  3  4  5  6  7  8  9 10 11 |
---------------+----------------------------------+-----
Shields        | 4 5 6 8 9 |  9.1
Axes           | 3 4 6 7 9 11 | 11.1
Throwing       | 1 2 |  2.9
Fighting       | 4 5 6 |  6.7
Armour         | 4 5 6 7 |  7.9
Dodging        | 1 |  1.2
Polearms       | |  0.3
Stealth        | |  0.1
Evocations     | |  0.3

Action                   |  1- 3 |  4- 6 |  7- 9 | 10-12 || total
-------------------------+-------+-------+-------+-------++-------
Melee: War axe           |    91 |   198 |    89 |       ||   378
       Battleaxe         |       |       |   136 |   199 ||   335
       Glaive            |       |       |     1 |     6 ||     7
Throw: Stone             |    29 |    24 |    42 |    12 ||   107
 Abil: Dig               |       |       |     6 |     1 ||     7
Evoke: Wand              |       |       |     1 |     1 ||     2
  Use: Scroll            |     3 |    11 |     9 |     4 ||    27
       Potion            |       |       |     1 |     5 ||     6
  Eat: Chunk             |       |     7 |     8 |     9 ||    24
       Ration            |       |       |     1 |       ||     1
Armor: Scale mail        |    38 |    28 |       |       ||    66
       Plate armour      |       |    80 |    92 |   116 ||   288
Dodge: Dodged            |    32 |    45 |    55 |    69 ||   201
Block: Shield            |    55 |   128 |   160 |   206 ||   549
